 Dungeon Crawl Stone Soup version 0.17.1-3-g152610e (webtiles) character file.

153925 moxian the Marksghoul (level 17, -11/151 HPs)
             Began as a Ghoul Hunter on Apr 29, 2016.
             Was a High Priest of Okawaru.
             Killed from afar by a merfolk aquamancer (16 damage)
             ... with a great wave of water
             ... on level 5 of the Lair of Beasts on Apr 30, 2016.
             The game lasted 03:55:39 (33127 turns).

moxian the Marksghoul (Ghoul Hunter)               Turns: 33127, Time: 03:55:40

Health: -11/151    AC:  6    Str: 28    XL:     17   Next: 31%
Magic:  23/23      EV: 28    Int:  6    God:    Okawaru [*****.]
Gold:   1255       SH:  0    Dex: 14    Spells: 0 memorised, 16 levels left

rFire  + . .     SeeInvis .     a - +6 longbow of Liomih {freeze, rElec Str+7}
rCold  + + .     Clarity  .     g - +2 robe {rC+ rF+}
rNeg   + + +     SustAt   .     (shield currently unavailable)
rPois  ∞         Gourm    .     x - +0 hat
rElec  +         Spirit   .     E - +0 cloak {MR+}
rCorr  .         Warding  .     y - +0 pair of gloves {Str+3}
rMut   .         Stasis   .     (no boots)
MR     ++...                    h - amulet of faith
Stlth  +++.......               G - +5 ring of evasion
                                B - ring of flight

@: heroism, very slightly contaminated, rotting, very resistant to hostile
enchantments, fairly stealthy
A: rotting body, claws 1, carnivore 3, cold resistance 1, negative energy
resistance 3, slow regeneration 1, torment resistance, unbreathing
a: Heroism, Finesse, Renounce Religion, Evoke Flight
}: 1/15 runes: gossamer


You were on level 5 of the Lair of Beasts.
You worshipped Okawaru.
Okawaru was extremely pleased with you.
You were not hungry.

You visited 6 branches of the dungeon, and saw 28 of its levels.
You also visited: Labyrinth and Sewer.

You collected 2991 gold pieces.
You spent 1736 gold pieces at shops.

Inventory:

Hand Weapons
 a - the +6 longbow of Liomih (weapon) {freeze, rElec Str+7}
   (Okawaru gifted it to you on level 8 of the Lair of Beasts)

   It causes projectiles fired from it to freeze those they strike, causing
   extra injury to most foes and up to half again as much damage against
   particularly susceptible opponents.
   They can also slow down cold-blooded creatures.
   It affects your strength (+7).
   It insulates you from electricity.
 b - the +4 scimitar of Meiq {drain, MR++ Str+6}
   (You found it in a labyrinth)

   A truly terrible weapon, it drains the life of those it strikes.
   It affects your strength (+6).
   It affects your resistance to hostile enchantments.
 w - the +1 longbow of Generosity {velocity, Str+5}
   (You acquired it on level 4 of the Lair of Beasts)

   Any arrow fired from it inflicts extra damage.
   It affects your strength (+5).
Missiles
 t - 17 arrows of frost (quivered)
 z - 32 arrows of flame
 M - 10 arrows of dispersal {!f}
 N - 24 poisoned arrows
Armour
 g - a +2 robe of resistance (worn)
 x - a +0 hat (worn)
 y - a +0 pair of gloves of strength (worn)
 E - a +0 cloak of magic resistance (worn)
Jewellery
 h - an amulet of faith (around neck)
 j - an uncursed ring of see invisible
 B - a ring of flight (left hand)
 G - a +5 ring of evasion (right hand)
 S - an uncursed ring of invisibility
 W - an uncursed ring of protection from magic
Wands
 i - a wand of fire (5)
 s - a wand of digging (6)
 u - a wand of paralysis (11)
 v - a wand of teleportation (7)
 Q - a wand of cold (6)
Scrolls
 l - a scroll of torment
 n - 9 scrolls of remove curse
 q - 9 scrolls of teleportation
 D - 2 scrolls of fog
 F - 6 scrolls of identify
 H - 4 scrolls of blinking
 K - 6 scrolls of magic mapping
 L - 2 scrolls of summoning
 P - a scroll of fear
 T - 2 scrolls of silence
 U - 3 scrolls of vulnerability
Potions
 e - 4 potions of haste
 k - a potion of magic
 o - 2 potions of agility
 A - 7 potions of ambrosia
 C - 3 potions of might
 I - 3 potions of invisibility
 J - 2 potions of heal wounds
 X - 6 potions of curing
Miscellaneous
 c - a box of beasts
 Z - a sack of spiders
Comestibles
 f - 13 meat rations
 p - 4 slices of pizza
 r - 3 royal jellies
 Y - 4 beef jerkies


   Skills:
 + Level 13.9(18.9) Fighting
   Level 2.0(7.0) Short Blades
 - Level 20.0(25.0) Bows
 - Level 12.0(17.0) Dodging
 - Level 1.1(6.1) Stealth
 - Level 10.0 Invocations
 - Level 1.0 Evocations


You had 16 spell levels left.
You didn't know any spells.

Dungeon Overview and Level Annotations

Branches:
Dungeon (10/15)            Temple (1/1) D:6            Lair (8/8) D:10
 Shoals (1/4) Lair:5       Spider (4/4) Lair:3        Slime (0/6) Lair:7
    Orc (4/4) D:10            Elf (0/3) Orc:4

Altars:
Ashenzari
Cheibriados
Dithmenos
Elyvilon
Fedhas
Gozag
Kikubaaqudgha
Makhleb
Nemelex Xobeh
Okawaru
Qazlal
Ru
Sif Muna
Trog
Vehumet
Xom
Yredelemnul
Zin
The Shining One
Beogh

Shops:
D:4 [   D:7 [   Orc:1 *   Orc:2 !   Orc:4 *=**

Annotations:
Lair:8 1 runed door


Innate Abilities, Weirdness & Mutations

Your body is rotting away.
You thrive on raw meat.
You are immune to poison.
You have sharp fingernails.
You are carnivorous and can eat meat at any time.
Your flesh is cold resistant.
You are immune to negative energy.
You regenerate slowly when monsters are visible.
You are immune to unholy pain and torment.
You can survive without breathing.


Message History

The arrow of frost misses the sea snake.
The merfolk aquamancer is engulfed in a cloud of scalding steam.
The merfolk aquamancer points at you and mumbles some strange words.
The shard of ice hits you! You partially resist.
* * * LOW HITPOINT WARNING * * *
Read which item? (? for menu, Esc to quit)
Blink to where?
Press: ? - help, Dir - move target cursor, p - sea snake You are very lightly contaminated with residual magic.
As you read the scroll of blinking, it crumbles to dust.
Firing (i - inventory. (,) - cycle):
t - 18 arrows of frost (quivered)
Press: ? - help, Shift-Dir - straight line, f - sea snake
Aim: a sea snake (almost dead, slow)
You shoot an arrow of frost. The arrow of frost hits the sea snake!!
The arrow of frost freezes the sea snake.
You kill the sea snake!
Okawaru accepts your kill.
The merfolk aquamancer gestures at you while chanting.
The great wave of water hits you!
You die...

......................##.#
###P.................##.##
##......................##
###........#######.......#
#.....'###≈≈≈≈≈####..###
###.....#≈≈≈#≈≈≈#≈≈≈#.##
.##P....#≈≈≈#≈)≈#≈≈≈#..#
..##....#≈≈≈#####≈≈≈#.P#
##......#####)[[@####.##
##........#≈≈≈>≈≈≈#...##
........####m(≈)#####..#
P.......#≈≈§#####≈≈≈#..#
.#...P..#≈≈≈#≈≈≈#≈≈≈#.##
##....#.#≈≈≈#≈≈≈#≈≈≈#.#
#.......####≈≈≈≈≈###).#
...........#######....##
.......##.......##PP...#


You could see a merfolk aquamancer.

Vanquished Creatures
  Arachne (Spider:4)
  Rupert (Orc:2)
  Asterion (Spider:2)
  5 ghost moths
  7 emperor scorpions
  Nessos (Lair:6)
  2 ogre magi (Orc:4)
  A minotaur (Lab)
  A merfolk impaler (Lair:5)
  Josephine (Orc:2)
  3 entropy weavers
  Harold (Orc:2)
  3 hydras
  Erica (D:9)
  A catoblepas (Lair:8)
  2 merfolk aquamancers
  17 death yaks
  Urug (Lair:1)
  Nergalle (Orc:2)
  An iron troll (Orc:4)
  An unseen horror (D:10)
  3 sea snakes (Lair:5)
  A deep troll (Orc:4)
  3 hill giants
  A lindwurm (Lair:8)
  4 orc knights
  Pikel (D:8)
  18 wolf spiders
  3 cyclopes
  4 hornets
  3 griffons (Lair:8)
  9 orb spiders
  An oklob plant (Lair:6)
  4 black mambas
  4 orc sorcerers
  4 moths of wrath
  2 centaur zombies (D:10)
  3 elephants (Lair:8)
  2 sirens (Lair:5)
  4 manticores
  5 torpor snails (Lair:8)
  A centaur skeleton (D:10)
  4 fire drakes
  10 demonic crawlers
  12 komodo dragons
  16 spiny frogs
  8 trolls
  6 two-headed ogres (Orc:4)
  2 polar bears
  4 merfolk
  15 blink frogs
  3 giant leeches (Lair:8)
  8 boulder beetles
  24 jumping spiders
  4 wraiths
  17 trapdoor spiders
  A snapping turtle (Shoals:1)
  38 redbacks
  Sigmund (D:6)
  A vampire (D:10)
  11 basilisks
  2 humans (D:8)
  20 tarantellas
  21 yaks
  A hill giant zombie (D:10)
  6 hungry ghosts
  3 wargs
  14 wolves
  12 hippogriffs
  Edmund (D:5)
  14 porcupines
  14 water moccasins
  A necrophage (D:7)
  23 orc warriors
  15 spiders
  25 ogres
  5 centaurs
  4 wasps
  3 phantoms
  A slave (D:8)
  3 ice beasts
  19 crocodiles
  4 brain worms (Lair:8)
  16 giant frogs
  2 big kobolds
  A scorpion (D:5)
  A water moccasin zombie (D:7)
  2 troll zombies (D:10)
  2 electric eels
  7 killer bees (D:8)
  2 crimson imps
  3 hounds
  12 jellies
  A giant frog zombie (D:6)
  26 orc priests
  29 orc wizards
  6 iguanas
  9 worker ants
  3 hell rats
  37 sheep
  5 ogre zombies (D:10)
  The ghost of Charly the Poker, a weakling MfSk of Cheibriados (D:5)
  A mummy (D:7)
  12 adders
  19 river rats
  2 shadow imps
  2 oozes
  An adder skeleton (D:6)
  23 worms
  7 giant geckos
  155 orcs
  2 ball pythons
  6 hobgoblins
  7 jackals
  10 kobolds
  17 bats
  7 giant cockroaches
  A giant gecko zombie (D:6)
  9 giant newts
  7 goblins
  A goblin skeleton (D:10)
  2 goblin zombies (D:10)
  A hobgoblin skeleton (D:10)
  A jackal skeleton (D:4)
  4 orc skeletons (D:10)
  16 orc zombies (D:10)
  4 quokkas
  2 quokka zombies
  7 rats
  7 fungi
  2 plants (Lair:2)
1029 creatures vanquished.

Vanquished Creatures (others)
  A deep elf mage (D:8)
  2 slaves (D:8)
  2 crimson imps (D:8)
  A jelly (D:8)
  An adder (D:8)
  An orc (Orc:2)
  3 kobolds (D:8)
  9 fungi
20 creatures vanquished.

Grand Total: 1049 creatures vanquished

Notes
Turn   | Place    | Note
--------------------------------------------------------------
     0 | D:1      | moxian the Ghoul Hunter began the quest for the Orb.
     0 | D:1      | Reached XP level 1. HP: 17/17 MP: 0/0
   352 | D:1      | Reached XP level 2. HP: 14/24 MP: 1/1
   373 | D:1      | Reached skill level 1 in Short Blades
   838 | D:2      | Reached skill level 4 in Bows
   888 | D:2      | Reached XP level 3. HP: 24/28 MP: 2/2
  1662 | D:3      | Reached XP level 4. HP: 33/36 MP: 3/3
  2211 | D:3      | Found an iron altar of Okawaru.
  2211 | D:3      | Found a burning altar of Makhleb.
  2216 | D:3      | Became a worshipper of Warmaster Okawaru
  2301 | D:3      | Reached XP level 5. HP: 35/41 MP: 4/4
  2356 | D:4      | Found Ashuzxac's Armour Boutique.
  2496 | D:4      | Found a shadowy altar of Dithmenos.
  2683 | D:4      | Reached skill level 5 in Bows
  2725 | D:5      | Entered Level 5 of the Dungeon
  2732 | D:5      | Reached XP level 6. HP: 44/48 MP: 5/5
  2821 | D:5      | Noticed a centaur
  2854 | D:5      | Killed a centaur
  2980 | D:5      | Noticed Charly's ghost (weakling MfSk)
  3015 | D:5      | Killed Charly's ghost
  3092 | D:5      | Found a glowing drain.
  3097 | Sewer    | Entered a sewer
  3166 | Sewer    | Reached * piety under Okawaru
  3166 | Sewer    | Reached skill level 6 in Bows
  3166 | Sewer    | Reached XP level 7. HP: 38/55 MP: 6/6
  3726 | D:5      | Noticed Edmund
  3749 | D:5      | Killed Edmund
  3749 | D:5      | Reached skill level 7 in Bows
  3752 | D:5      | Reached ** piety under Okawaru
  4115 | D:6      | Found a sparkling altar of Nemelex Xobeh.
  4200 | D:6      | Reached XP level 8. HP: 25/61 MP: 7/7
  4350 | D:6      | Noticed Sigmund
  4369 | D:6      | Killed Sigmund
  4369 | D:6      | Reached skill level 5 in Dodging
  4426 | D:6      | Reached skill level 8 in Bows
  4457 | D:6      | Found a blossoming altar of Fedhas.
  4463 | D:6      | Found a stormy altar of Qazlal.
  4726 | D:6      | Found a staircase to the Ecumenical Temple.
  4737 | Temple   | Entered the Ecumenical Temple
  4964 | D:7      | Reached *** piety under Okawaru
  4966 | D:7      | Found Menk's Antique Armour Boutique.
  4980 | D:7      | Reached skill level 9 in Bows
  4980 | D:7      | Reached skill level 1 in Evocations
  4980 | D:7      | Reached XP level 9. HP: 49/65 MP: 8/8
  4985 | D:7      | Bought a shimmering leather armour for 168 gold pieces
  4995 | D:7      | Identified the cursed +0 leather armour of the Leaf {*Contam rF+ rC+++} (You bought it in a shop on level 7 of the Dungeon)
  5077 | D:7      | Found a bloodstained altar of Trog.
  5442 | D:7      | Found a snail-covered altar of Cheibriados.
  5664 | D:8      | Noticed Pikel
  5687 | D:8      | Killed Pikel
  5687 | D:8      | Reached skill level 10 in Bows
  5697 | D:8      | Received a gift from Okawaru
  5926 | D:8      | Found an iron altar of Okawaru.
  6047 | D:8      | Reached **** piety under Okawaru
  6047 | D:8      | Reached XP level 10. HP: 31/73 MP: 9/9
  6241 | D:8      | Reached skill level 11 in Bows
  6853 | D:9      | Received a gift from Okawaru
  7106 | D:9      | Found an opulent altar of Gozag.
  7239 | D:9      | Noticed Erica
  7266 | D:9      | Killed Erica
  7744 | D:10     | Entered Level 10 of the Dungeon
  7769 | D:10     | Reached ***** piety under Okawaru
  7804 | D:10     | Received a gift from Okawaru
  7804 | D:10     | Reached skill level 12 in Bows
  8050 | D:10     | Reached skill level 1 in Invocations
  8061 | D:10     | Found a staircase to the Orcish Mines.
  8477 | D:9      | Reached XP level 11. HP: 19/75 MP: 9/11
  8803 | D:10     | Noticed a hill giant
  8860 | D:10     | Killed a hill giant
  9001 | D:10     | Noticed an unseen horror
  9005 | D:10     | Found a staircase to the Lair.
  9005 | D:10     | Noticed a death yak
  9140 | D:10     | Killed an unseen horror
  9140 | D:10     | Reached skill level 13 in Bows
  9255 | D:10     | Killed a death yak
  9615 | Lair:1   | Entered Level 1 of the Lair of Beasts
  9671 | Lair:1   | Received a gift from Okawaru
 10086 | Lair:1   | Got a silken robe
 10097 | Lair:1   | Identified the +1 robe "Favawiar" {MR++} (You found it on level 1 of the Lair of Beasts)
 10289 | Lair:1   | Noticed Urug
 10318 | Lair:1   | Killed Urug
 10318 | Lair:1   | Reached skill level 14 in Bows
 10633 | Lair:2   | Noticed a five-headed hydra
 10647 | Lair:2   | Killed a five-headed hydra
 10969 | Lair:2   | Reached XP level 12. HP: 64/85 MP: 12/12
 11085 | Lair:2   | Got a brightly glowing long sword
 11091 | Lair:2   | Identified the +6 long sword of Imminent Death {slice, +Inv MP-9 Dex+3} (You found it on level 2 of the Lair of Beasts)
 11853 | Lair:3   | Found a hole to the Spider Nest.
 12001 | Lair:2   | Reached skill level 15 in Bows
 12396 | Lair:3   | Noticed a seven-headed hydra
 12407 | Lair:3   | Killed a seven-headed hydra
 12407 | Lair:3   | Received a gift from Okawaru
 12425 | Lair:3   | Reached skill level 5 in Invocations
 12616 | Lair:3   | Received a gift from Okawaru
 12833 | Lair:4   | Identified a scroll of acquirement
 12834 | Lair:4   | Got a fine longbow
 12835 | Lair:4   | Identified the +1 longbow of Generosity {velocity, Str+5} (You acquired it on level 4 of the Lair of Beasts)
 12864 | Lair:4   | Found a labyrinth entrance.
 12885 | Lab      | Entered a labyrinth
 12955 | Lab      | Got a clouded lapis lazuli ring
 13075 | Lab      | Identified the ring "Defilius" {SustAt rN+} (You found it in a labyrinth)
 13333 | Lab      | Noticed a minotaur
 13344 | Lab      | Killed a minotaur
 13433 | Lab      | Got a twisted scimitar
 13433 | Lab      | Got a polished plate armour
 13447 | Lab      | Identified a +5 rod of clouds (10/10) (You found it in a labyrinth)
 13449 | Lab      | Identified the +4 scimitar of Meiq {drain, MR++ Str+6} (You found it in a labyrinth)
 13493 | Lab      | Identified the cursed +0 plate armour of the Orcish Mines {rElec rCorr} (You found it in a labyrinth)
 13874 | Lair:4   | Received a gift from Okawaru
 13955 | Lair:4   | Got a jewelled chain mail
 13966 | Lair:4   | Identified the +1 chain mail "Iproczaps" {Dex+4 Stlth+} (You found it on level 4 of the Lair of Beasts)
 14843 | Lair:5   | Reached XP level 13. HP: 88/91 MP: 15/18
 15118 | Lair:5   | Reached ****** piety under Okawaru
 15494 | Lair:6   | Noticed Nessos
 15562 | Lair:6   | Reached skill level 10 in Invocations
 15690 | Lair:6   | Received a gift from Okawaru
 15882 | Lair:6   | Killed Nessos
 15882 | Lair:6   | Reached skill level 16 in Bows
 16677 | Lair:6   | Received a gift from Okawaru
 17035 | Lair:6   | Reached skill level 10 in Dodging
 18002 | Lair:7   | Found a staircase to the Slime Pits.
 18224 | Lair:7   | Reached XP level 14. HP: 88/99 MP: 20/20
 18789 | Lair:8   | Entered Level 8 of the Lair of Beasts
 19171 | Lair:8   | Received a gift from Okawaru
 19178 | Lair:8   | Reached skill level 17 in Bows
 19179 | Lair:8   | Got a slimy longbow {god gift}
 19180 | Lair:8   | Identified the +6 longbow of Liomih {freeze, rElec Str+7} (Okawaru gifted it to you on level 8 of the Lair of Beasts)
 19781 | Lair:8   | Received a gift from Okawaru
 19852 | Lair:8   | Got an iridescent long sword
 19853 | Lair:8   | Identified the +4 long sword "Wonek" {pain, Str+7} (You found it on level 8 of the Lair of Beasts)
 20004 | Lair:8   | Got a twitching pewter amulet
 20005 | Lair:8   | Identified the amulet "Vimefaw" {Spirit rF+ Int+4} (You found it on level 8 of the Lair of Beasts)
 20269 | Lair:8   | Found a runed door.
 20367 | Lair:8   | Received a gift from Okawaru
 20376 | Lair:8   | Got a heavily runed buckler {god gift}
 21150 | Orc:1    | Entered Level 1 of the Orcish Mines
 21485 | Orc:2    | Found Tafeif's Distillery.
 21510 | Orc:2    | Bought a potion of magic for 120 gold pieces
 21510 | Orc:2    | Bought a potion of heal wounds for 75 gold pieces
 21532 | Orc:2    | Noticed Harold
 21552 | Orc:2    | Killed Harold
 21572 | Orc:2    | Noticed Nergalle
 21578 | Orc:2    | Killed Nergalle
 21685 | Orc:2    | Noticed Rupert
 21819 | Orc:2    | Killed Rupert
 21819 | Orc:2    | Reached XP level 15. HP: 111/111 MP: 14/21
 22162 | Orc:2    | Noticed Josephine
 22217 | Orc:2    | Killed Josephine
 22217 | Orc:2    | Reached skill level 5 in Fighting
 22377 | Orc:1    | Found a roughly hewn altar of Beogh.
 22725 | Orc:1    | Found Xaenwiniesh's General Store.
 22731 | Orc:1    | Bought a potion of curing for 42 gold pieces
 22731 | Orc:1    | Bought a potion of curing for 42 gold pieces
 23061 | Orc:3    | Reached skill level 18 in Bows
 23080 | Orc:3    | Found a roughly hewn altar of Beogh.
 23876 | Orc:4    | Entered Level 4 of the Orcish Mines
 24020 | Orc:4    | Received a gift from Okawaru
 24151 | Orc:4    | Received a gift from Okawaru
 24213 | Orc:4    | Found Jelaak's Assorted Antiques.
 24237 | Orc:4    | Found Hutzef's General Store.
 24283 | Orc:4    | Found Qourph's General Store.
 24291 | Orc:4    | Bought a scroll of teleportation for 48 gold pieces
 24459 | Orc:4    | Found Xytattiest's Jewellery Shoppe.
 24526 | Orc:4    | Bought a scroll of identify for 26 gold pieces
 24526 | Orc:4    | Bought 15 arrows of frost for 97 gold pieces
 24526 | Orc:4    | Bought a scroll of silence for 97 gold pieces
 24533 | Orc:4    | Bought an uncursed amulet of faith for 560 gold pieces
 24592 | Orc:4    | Found a staircase to the Elven Halls.
 25216 | Spider:1 | Entered Level 1 of the Spider Nest
 25973 | Spider:2 | Reached skill level 10 in Fighting
 26106 | Spider:2 | Received a gift from Okawaru
 26194 | Spider:2 | Reached XP level 16. HP: 135/137 MP: 0/22
 26195 | Spider:2 | Noticed Asterion
 26736 | Spider:2 | Killed Asterion
 27469 | Spider:3 | Reached skill level 19 in Bows
 27631 | Spider:3 | Received a gift from Okawaru
 28354 | Spider:3 | Received a gift from Okawaru
 28403 | Spider:4 | Entered Level 4 of the Spider Nest
 29147 | Spider:4 | Noticed Arachne
 29161 | Spider:4 | Killed Arachne
 29505 | Spider:4 | Received a gift from Okawaru
 29838 | Spider:4 | Reached skill level 20 in Bows
 30110 | Spider:4 | Received a gift from Okawaru
 30120 | Spider:4 | Reached XP level 17. HP: 37/146 MP: 2/23
 30704 | Spider:4 | Got a gossamer rune of Zot
 31602 | Orc:4    | Bought an uncursed ring of flight for 245 gold pieces
 32251 | D:7      | Bought a garnet-encrusted scale mail for 216 gold pieces
 32251 | D:7      | Identified the cursed +1 scale mail of Watchfulness {+Fly rElec Dex+2} (You bought it in a shop on level 7 of the Dungeon)
 32604 | Lair:5   | Found a staircase to the Shoals.
 32655 | Shoals:1 | Entered Level 1 of the Shoals
 33125 | Lair:5   | HP: 5/151 [merfolk aquamancer/shard of ice (29)]
 33127 | Lair:5   | Killed from afar by a merfolk aquamancer

Action                   |  1- 3 |  4- 6 |  7- 9 | 10-12 | 13-15 | 16-18 || total
-------------------------+-------+-------+-------+-------+-------+-------++-------
Melee: Dagger            |   152 |   133 |   230 |   451 |    56 |       ||  1022
       Short sword       |     9 |       |    70 |    10 |       |       ||    89
       Long sword        |       |       |       |    54 |       |       ||    54
       Scimitar          |       |       |       |    34 |   480 |    28 ||   542
       Longbow           |       |       |       |       |       |     1 ||     1
 Fire: Shortbow          |    12 |    57 |   120 |   579 |       |       ||   768
       Blowgun           |       |       |       |    25 |       |       ||    25
       Longbow           |       |       |       |   162 |  1324 |   661 ||  2147
Throw: Javelin           |       |       |       |       |     2 |       ||     2
Invok: Heroism           |       |       |     3 |    15 |    15 |    10 ||    43
       Finesse           |       |       |       |     4 |     7 |     8 ||    19
 Abil: Evoke Flight      |       |       |       |       |       |     1 ||     1
Evoke: Rod               |       |       |       |     1 |       |       ||     1
       Wand              |       |       |       |       |     1 |       ||     1
  Use: Scroll            |       |     4 |     4 |    19 |     4 |     8 ||    39
       Potion            |       |     3 |       |    10 |     3 |     1 ||    17
 Stab: Sleeping          |     1 |     5 |       |     2 |     1 |       ||     9
  Eat: Chunk             |     9 |     3 |    27 |    93 |   135 |    93 ||   360
